 Dungeon Crawl Stone Soup version 0.20.1-1-g8b1a95d (webtiles) character file.

25 vatarom the Gusty (level 2, 0/20 HPs)
             Began as a Draconian Air Elementalist on Sept 10, 2017.
             Slain by a bat (1 damage)
             ... on level 2 of the Dungeon.
             The game lasted 00:04:05 (1039 turns).

vatarom the Gusty (Draconian Air Elementalist)      Turns: 1039, Time: 00:04:06

Health: 0/20       AC:  5    Str: 10    XL:     2   Next: 82%
Magic:  1/5        EV: 12    Int: 15    God:
Gold:   41         SH:  0    Dex: 11    Spells: 4/5 levels left

rFire    . . .     SeeInvis .   c - +0 dagger
rCold    . . .     Gourm    .   (no shield)
rNeg     . . .     Faith    .   (armour unavailable)
rPois    .         Spirit   .   (helmet restricted)
rElec    .         Reflect  .   (no cloak)
rCorr    .         Harm     .   f - +0 pair of gloves
MR       .....                  (no boots)
Stlth    ++........             (no amulet)
Regen    0.1/turn               (no ring)
MPRegen  0.1/turn               (no ring)

@: very slightly contaminated
A: unfitting armour, cold-blooded, AC +4
a: no special abilities


You were on level 2 of the Dungeon.
You were hungry.

You visited 1 branch of the dungeon, and saw 2 of its levels.

You collected 41 gold pieces.

Inventory:

Hand Weapons
 c - a +0 dagger (weapon)
Armour
 f - a +0 pair of gloves (worn)
Scrolls
 e - a scroll of remove curse
 h - 5 scrolls of recharging
 i - a scroll of teleportation {unknown}
Potions
 d - a potion of might {unknown}
 g - a potion of flight {unknown}
 k - a potion of lignification {unknown}
Books
 a - a book of Air

   Spells                             Type                      Level
   a - Shock                          Conjuration/Air              1
   b - Swiftness                      Charms/Air                   2
   c - Static Discharge               Conjuration/Air              3
   d - Airstrike                      Air                          4
   e - Lightning Bolt                 Conjuration/Air              5
Comestibles
 b - a bread ration
 j - a meat ration


   Skills:
 - Level 1.7 Dodging
 - Level 1.7 Stealth
 - Level 2.0 Spellcasting
 - Level 1.0 Conjurations
 + Level 4.1 Air Magic


You had 4 spell levels left.
You knew the following spells:

 Your Spells              Type           Power        Failure   Level  Hunger
a - Shock                 Conj/Air       #...         8%          1    #......


Dungeon Overview and Level Annotations

Branches:
Dungeon (2/15)

Altars:


Innate Abilities, Weirdness & Mutations

Your plain brown scales are hard. (AC +4)
You cannot fit into any form of body armour.
You are cold-blooded and may be slowed by cold attacks.


Message History

You hit the worm but do no damage.
The worm is severely wounded.
The bat hits you but does no damage. The bat barely misses you.
The worm bites you.
You hit the worm.
The worm is severely wounded.
The bat hits you but does no damage.
You barely miss the worm.
The worm is severely wounded.
The bat closely misses you. The worm bites you but does no damage.
The worm closely misses you. The bat hits you but does no damage.
The bat misses you. The worm barely misses you. The bat hits you.
A ball python comes into view.
The bat hits you but does no damage. The worm bites you!
Ouch! That really hurt!
* * * LOW HITPOINT WARNING * * *
The bat hits you.
You die...

###** ****#####..,* ***********
******,,,.......,* *,,,,,,,,,,
,,,,,+,,,.......,* *,#********
******,,,.......#######.#****** *
,,,,,,,,,.S..............,,,,>* *
*************#.#......#,*,**#.* *
********* #.b@w.##.#,*,,,,.###
,,,,,,,,* ###.#.#*,*,*,**##...
,,,,,,,,**######.#.##.#.#.#,,....
,,,,,,,,+..........##.#.#.#.##...
,,,,,,,,*#######.#.##.#.#.#......
,,,,,,,,* #.#..#.#.#.####...
,,,,,,,,* #.#..#.#.#........
,,,,,,,,* #.#...<#.#.#####.#
,,,,,,,,* #.#............).#


You could see a worm and a bat.

Vanquished Creatures
  A worm (D:2)
  2 dart slugs (D:1)
  2 leopard geckos (D:1)
  A giant cockroach (D:2)
  4 goblins
  2 hobgoblins (D:1)
  A bat (D:1)
  3 rats (D:1)
16 creatures vanquished.

Notes
Turn   | Place    | Note
-------+----------+-------------------------------------------
     0 | D:1      | vatarom the Draconian Air Elementalist began the quest for the Orb.
     0 | D:1      | Reached XP level 1. HP: 14/14 MP: 3/3
   403 | D:1      | Reached XP level 2. HP: 20/20 MP: 3/5
   888 | D:2      | Reached skill level 4 in Air Magic
  1038 | D:2      | HP: 1/20 [worm (10)]
  1039 | D:2      | Slain by a bat

Skill      XL: |  1  2 |
---------------+-------+-----
Air Magic      | 4 |  4.1
Dodging        | |  1.7
Stealth        | |  1.7
Spellcasting   | |  2.0
Conjurations   | |  1.0

Action                   || total
-------------------------++-------
Melee: Dagger            ||    32
       Tailslap          ||     1
 Cast: Shock             ||    30
  Use: Scroll            ||     5
Armor: Skin              ||    20
Dodge: Dodged            ||    43
